 Dungeon Crawl Stone Soup version 0.26.1-2-gb8aa6d0cf2 (webtiles) character file.

Game seed: 15530003233609330354

74 Chiseanne the Skirmisher (level 4, -3/35 HPs)
             Began as a Demonspawn Wanderer on Mar 2, 2021.
             Slain by a gnoll
             ... wielding a +0 halberd
              (13 damage)
             ... on level 2 of the Dungeon.
             The game lasted 00:02:34 (2147 turns).

Chiseanne the Skirmisher (Demonspawn Wanderer)      Turns: 2147, Time: 00:02:35

Health: -3/35      AC:  3    Str: 10    XL:     4   Next: 9%
Magic:  4/4        EV: 12    Int: 15    God:
Gold:   40         SH:  0    Dex: 14    Spells: 3/3 levels left

rFire    . . .     SeeInvis .   a - +2 dagger
rCold    + . .     Faith    .   (no shield)
rNeg     . . .     Spirit   .   h - +0 leather armour
rPois    .         Reflect  .   (no helmet)
rElec    .         Harm     .   (no cloak)
rCorr    .         Rampage  .   (no gloves)
Will     .....                  (no boots)
Stlth    ++........             (no amulet)
HPRegen  0.11/turn              (no ring)
MPRegen  0.09/turn              (no ring)

@: no status effects
A: cold resistance 1
a: no special abilities


You were on level 2 of the Dungeon.
You visited 1 branch of the dungeon, and saw 2 of its levels.

You collected 40 gold pieces.

Inventory:

Hand Weapons
 a - a +2 dagger (weapon)
 j - a +0 mace
 l - a +0 dagger of speed
Missiles
 g - 96 stones (quivered)
Armour
 h - a +0 leather armour (worn)
Jewellery
 f - an uncursed ring of stealth {unknown}
Scrolls
 c - a scroll of teleportation
 d - a scroll of enchant weapon {unknown}
Potions
 m - a potion of invisibility


   Skills:
 * Level 3.0 Fighting
 - Level 1.0 Long Blades
 - Level 1.0 Polearms
 - Level 1.7 Throwing
 * Level 1.6 Armour
 * Level 2.2 Dodging
 - Level 2.6 Stealth


You had 3 spell levels left.
You didn't know any spells.
Your spell library was empty.

Dungeon Overview and Level Annotations

Branches:
Dungeon (2/15)

Altars:


Innate Abilities, Weirdness & Mutations

Your flesh is cold resistant. (rC+)


Message History

The goblin closely misses you.
You hit the goblin but do no damage.
The goblin is severely wounded.
The goblin hits you.
You hit the goblin.
You kill the goblin!
The gnoll misses you.
You see here 16 gold pieces.
You closely miss the gnoll. You hit the gnoll.
The gnoll is heavily wounded.
The gnoll hits you with a +0 halberd!
You hit the gnoll but do no damage.
The gnoll is heavily wounded.
The gnoll hits you with a +0 halberd!
* * * LOW HITPOINT WARNING * * *
You hit the gnoll but do no damage.
The gnoll is heavily wounded.
The gnoll hits you with a +0 halberd!
You die...

#.#.....)...# ##.## #.
...........# ##.#.## #.
##.........####.###.##
#. ##............##
##.###.
##.....######.###......
##...## #..#)#####.
##.## #.#.## #..
#.########.#.# #..
#.g@.......#.#####.#
############.......#
#########


You could see a gnoll.

Vanquished Creatures
  A gnoll (D:2)
  2 adders (D:2)
  A dart slug (D:1)
  2 leopard geckos (D:1)
  5 giant cockroaches
  5 goblins
  5 hobgoblins
  6 kobolds
  2 quokkas (D:2)
  5 bats
  A frilled lizard (D:1)
  4 rats
39 creatures vanquished.

Notes
Turn   | Place    | Note
-------+----------+-------------------------------------------
     0 | D:1      | Chiseanne the Demonspawn Wanderer began the quest for the
                  | Orb.
     0 | D:1      | Chiseanne set off with the following items: a +2 dagger, a
                  | scroll of fear, a scroll of teleportation, a +0 spear, a +0
                  | robe
     0 | D:1      | Reached XP level 1. HP: 16/16 MP: 1/1
   359 | D:1      | Gained mutation: Your flesh is cold resistant. (rC+)
                  | [demonic ancestry]
   359 | D:1      | Reached XP level 2. HP: 20/23 MP: 2/2
  1069 | D:1      | Reached skill level 1 in Armour
  1123 | D:1      | Reached XP level 3. HP: 28/28 MP: 3/3
  1832 | D:2      | Reached skill level 3 in Fighting
  1886 | D:2      | Reached XP level 4. HP: 7/35 MP: 4/4
  2147 | D:2      | Slain by a gnoll

Illustrated notes

Levels and vault maps discovered:
D:1:      saegor_arrival_simple_c, layout_basic
D:2:      layout_loops_ring, uniq_sigmund

Skill      XL: |  1  2  3 |
---------------+----------+-----
Armour         | 1 |  1.6
Dodging        | 2 |  2.2
Fighting       | 3 |  3.0
Long Blades    | |  1.0
Polearms       | |  1.0
Throwing       | |  1.7
Stealth        | |  2.6

Action                   |  1- 3 |  4- 6 || total
-------------------------+-------+-------++-------
Melee: Dagger            |   153 |     8 ||   161
  Use: Scroll            |     3 |       ||     3
       Potion            |     3 |       ||     3
 Stab: Sleeping          |     6 |       ||     6
       Invisible         |     1 |       ||     1
Armor: Leather armour    |    40 |       ||    40
       Robe              |     3 |       ||     3
       Skin              |     7 |       ||     7
Dodge: Dodged            |    81 |     3 ||    84
